 Dungeon Sprint DCSS version 0.22.1-1-ga44c0e56f4 (webtiles) character file.

142 MuseOD the Covert (level 5, -3/28 (29) HPs)
             Began as a Spriggan Enchanter on Oct 3, 2018.
             Killed from afar by a necromancer (20 damage)
             ... with a bolt of fire
             ... in the Dungeon (Sprint III: "The Ten Rune Challenge").
             The game lasted 00:01:11 (375 turns).

MuseOD the Covert (Spriggan Enchanter)               Turns: 375, Time: 00:01:12

HP:   -3/28 (29)    AC:  2    Str:  4    XL:     5   Next: 4%
MP:   0/11          EV: 18    Int: 17    God:
Gold: 15            SH:  0    Dex: 17    Spells: 2/11 levels left

rFire    . . .     SeeInvis +   a - +1 dagger
rCold    . . .     Gourm    .   (shield restricted)
rNeg     . . .     Faith    .   b - +0 robe
rPois    .         Spirit   .   (helmet restricted)
rElec    .         Reflect  .   (no cloak)
rCorr    .         Harm     .   (gloves unavailable)
MR       .....     NoTele   +   (boots unavailable)
Stlth    ++++......             (no amulet)
HPRegen  0.09/turn              (no ring)
MPRegen  0.12/turn              (no ring)

@: very slightly contaminated, very quick
A: very small, unfitting armour, see invisible, herbivore, speed 3, slow
metabolism 2
a: no special abilities


You were in the Dungeon.
You were not hungry.

You visited 1 branch You collected 15 gold pieces.

Inventory:

Hand Weapons
 a - a +1 dagger (weapon)
Armour
 b - a +0 robe (worn)
 k - a +0 cloak
Scrolls
 c - 3 scrolls of identify {unknown}
 j - a scroll of blinking
 m - 4 scrolls of immolation {unknown}
 o - a scroll of amnesia {unknown}
 p - a scroll of remove curse {unknown}
Potions
 e - 2 potions of curing
 f - 2 potions of heal wounds
 g - a potion of haste
 h - 2 potions of magic
 i - a potion of berserk rage
 l - 4 potions of mutation {unknown}
 n - 3 potions of flight
Comestibles
 d - 3 rations


   Skills:
 + Level 3.7 Fighting
 * Level 7.4 Short Blades
 - Level 3.0 Dodging
 + Level 8.6 Stealth
 + Level 3.7 Spellcasting
 + Level 4.5 Hexes


You had 2 spell levels left.
You knew the following spells:

 Your Spells              Type           Power        Failure   Level  Hunger
a - Corona                Hex            ###....      2%          1    None
b - Ensorcelled Hibernat  Hex/Ice        ##....       10%         2    ##.....
c - Confuse               Hex            ###.....     8%          3    ###....
d - Dazzling Spray        Conj/Hex       ##....       19%         3    ###....

Your spell library contained the following spells:

 Spells                   Type           Power        Failure   Level  Hunger
 Tukima's Dance           Hex            ###.....     8%          3    ###....


Dungeon Overview and Level Annotations

Branches:
Dungeon (1/1)

Altars:
Dithmenos
Ru
Yredelemnul


Innate Abilities, Weirdness & Mutations

You are very small and have problems with some larger weapons.
You are too small for most types of armour.
You have supernaturally acute eyesight. (SInv)
You are a herbivore.
You cover ground extremely quickly.
You need to consume almost no food.


Message History

Okay, then.
The necrophage misses you.
The necromancer gestures wildly while chanting.
The necromancer binds the souls of nearby monsters.
The necrophage hits you.
You feel your flesh rotting away! The necrophage misses you.
The necrophage barely misses you. The necrophage hits you.
Casting: Confuse (safe; 8% risk of failure)
Confirm with . or Enter, or press ? or * to list all spells.
Aiming: Dazzling Spray (safe; 19% risk of failure)
Press: ? - help, Shift-Dir - straight line, f/p - necrophage
Aim: a necrophage The spray of energy hits the necrophage.
The necrophage is lightly damaged.
The necrophage hits you but does no damage.
The necromancer gestures at you while chanting.
The bolt of fire hits you!
Ouch! That really hurt!
You die...

▓ ▓▓▓ #### ##.# ###
...#####..# __#
....#..#..# $_#
#...#..#..###+#+###p##
##..##'#..#..........#
##..###...'.⌠...@n...#
#..####...#...######+#
#[.###.†..#.⌠.#
...##.....#...#
...#......#+###
.##.#..)..# .
####....# ▓ ▓▓▓▓▓▓


You could see a necromancer and a necrophage.

Vanquished Creatures
  A water elemental (D)
  Crazy Yiuf (D)
  Jessica (D)
  A human (D)
  2 oozes (D)
  A rat (D)
7 creatures vanquished.

Vanquished Creatures (others)
  2 draconian scorchers (D)
  A yaktaur (D)
  6 hellions (D)
9 creatures vanquished.

Grand Total: 16 creatures vanquished

Notes
Turn   | Place    | Note
-------+----------+-------------------------------------------
     0 | D        | MuseOD the Spriggan Enchanter began the quest for the Orb.
     0 | D        | Reached XP level 1. HP: 9/9 MP: 5/5
    14 | D        | Reached skill level 1 in Fighting
    14 | D        | Reached skill level 5 in Stealth
    69 | D        | Killed a yaktaur
    85 | D        | Reached XP level 2. HP: 9/14 MP: 6/6
    89 | D        | Learned a level 2 spell: Ensorcelled Hibernation
    92 | D        | Killed a hellion
   136 | D        | Killed a hellion
   136 | D        | Killed a hellion
   137 | D        | Killed a hellion
   216 | D        | Killed a hellion
   219 | D        | Noticed Jessica
   219 | D        | Killed a hellion
   224 | D        | Killed Jessica
   224 | D        | Reached skill level 6 in Stealth
   224 | D        | Reached XP level 3. HP: 19/19 MP: 5/8
   229 | D        | Killed a white draconian scorcher
   233 | D        | Killed a white draconian scorcher
   290 | D        | Noticed Crazy Yiuf
   293 | D        | Killed Crazy Yiuf
   293 | D        | Reached skill level 5 in Short Blades
   293 | D        | Reached skill level 7 in Stealth
   299 | D        | Reached XP level 4. HP: 24/24 MP: 6/9
   304 | D        | Learned a level 3 spell: Confuse
   334 | D        | Noticed a water elemental
   336 | D        | Killed a water elemental
   336 | D        | Reached skill level 8 in Stealth
   336 | D        | Reached XP level 5. HP: 29/29 MP: 9/11
   364 | D        | Learned a level 3 spell: Dazzling Spray
   364 | D        | Found a basalt altar of Yredelemnul.
   364 | D        | Found a shadowy altar of Dithmenos.
   364 | D        | Found a sacrificial altar of Ru.
   364 | D        | Noticed a necrophage
   375 | D        | Killed from afar by a necromancer

Skill      XL: |  1  2  3  4 |
---------------+-------------+-----
Fighting       | 1 2 3 |  3.7
Short Blades   | 3 4 6 7 |  7.4
Stealth        | 5 6 7 8 |  8.6
Spellcasting   | 3 |  3.7
Hexes          | 4 |  4.5
Dodging        | |  3.0

Action                   |  1- 3 |  4- 6 || total
-------------------------+-------+-------++-------
Melee: Dagger            |    21 |     1 ||    22
 Cast: Ensorcelled Hiber |     2 |       ||     2
       Confuse           |       |     2 ||     2
       Dazzling Spray    |       |     1 ||     1
 Stab: Sleeping          |     4 |     1 ||     5
Armor: Robe              |     1 |     1 ||     2
Dodge: Dodged            |    16 |     4 ||    20
